 Dungeon Sprint DCSS version 0.28-a0-1234-g826d19b2e0 (webtiles) character file.

Game seed: 17901529816342812031

112652 mhtbhm the Conqueror (level 15, -4/174 HPs)
             Began as a Black Draconian Berserker on Dec 23, 2021.
             Was the Champion of Trog.
             Slain by a nagaraja (20 damage)
             ... in the Dungeon (Sprint IX: "|||||||||||||||||||||||||||||").
             The game lasted 00:18:05 (9311 turns).

mhtbhm the Conqueror (Black Draconian Berserker)    Turns: 9311, Time: 00:18:06

Health: -4/174     AC: 20    Str: 25    XL:     15   Next: 35%
Magic:  7/15       EV: 17    Int:  9    God:    Trog [******]
Gold:   1488       SH:  0    Dex: 11    Spells: 14/14 levels left

rFire   . . .      SeeInvis .   a - +8 halberd "Cuyrhoen" {flame, rPois Stlth+}
rCold   . . .      Faith    .   (shield currently unavailable)
rNeg    . . .      Spirit   .   (armour unavailable)
rPois   +          Reflect  .   B - +0 hat
rElec   +          Harm     .   j - +0 cloak
rCorr   .          Rampage  .   D - +1 pair of gloves
Will    +....      NoTele   +   C - +1 pair of boots
Stlth   ++++++....              I - amulet of regeneration
HPRegen 1.19/turn               A - +4 ring of protection
MPRegen 0.14/turn               l - +2 ring of protection

@: lethally poisoned (-4 -> -5), untranslocatable, on berserk cooldown, flying,
slowed, constricted, very slow
A: breathe lightning, AC +9, unfitting armour, big wings, electricity
resistance, cold-blooded
}: 2/17 runes: decaying, gossamer
a: Breathe Lightning, Renounce Religion, Berserk, Trog's Hand, Brothers in Arms


You were in the Dungeon.
You worshipped Trog.
Trog was exalted by your worship.
You visited 1 branch You collected 1932 gold pieces.
You spent 444 gold pieces at shops.

Inventory:

Hand Weapons
 a - the +8 halberd "Cuyrhoen" (weapon) {flame, rPois Stlth+}
   (Trog gifted it to you in the Dungeon)

   It burns those it strikes, dealing additional fire damage.
   Big, fiery blades are also staple armaments of hydra-hunters.
   rPois:     It protects you from poison.
   Stlth:     It makes you more stealthy.
 k - a +6 vorpal glaive
 r - the +7 halberd "Siseh" {antimagic, rF+ rC+++}
   (Trog gifted it to you in the Dungeon)

   It reduces the magical energy of the wielder, and disrupts the spells and
   magical abilities of those it strikes.
   Natural abilities and divine invocations are not affected.
   rF:        It protects you from fire.
   rC:        It renders you almost immune to cold.
 x - a +0 vorpal hunting sling
 F - a +2 great sword of holy wrath
 G - a +4 antimagic bardiche
 N - a +5 glaive of flaming
Missiles
 q - 4 curare-tipped darts (quivered)
 v - 49 sling bullets
 w - 32 stones
Armour
 j - a +0 cloak (worn)
 B - a +0 hat (worn)
 C - a +1 pair of boots (worn)
 D - a +1 pair of gloves (worn)
 J - a +3 tower shield
Jewellery
 l - a +2 ring of protection (right hand)
 m - a ring of protection from cold
 s - a +4 ring of evasion
 y - a ring of willpower
 z - a ring of poison resistance
 A - a +4 ring of protection (left hand)
 I - an amulet of regeneration (around neck)
Wands
 i - a wand of iceblast (8)
Scrolls
 g - 2 scrolls of blinking
 n - 6 scrolls of fear
 o - 5 scrolls of identify
 p - 6 scrolls of fog
 t - a scroll of enchant weapon
 u - a scroll of immolation
 M - 4 scrolls of enchant armour
Potions
 b - 4 potions of curing
 c - 13 potions of heal wounds
 d - a potion of haste
 e - 4 potions of magic
 f - 2 potions of berserk rage
 h - a potion of invisibility
 E - 2 potions of mutation
 H - a potion of ambrosia
 K - 2 potions of might
 L - a potion of resistance


   Skills:
 O Level 27 Fighting
 O Level 27 Polearms
 + Level 1.8 Throwing
 + Level 21.7 Dodging
 + Level 13.2 Stealth
 + Level 1.9 Evocations


You had 14 spell levels left.
You didn't know any spells.
Your spell library was empty.

Dungeon Overview and Level Annotations

Branches:
Dungeon (1/1)

Altars:
Cheibriados
Dithmenos
Elyvilon
Fedhas
Gozag
Hepliaklqana
Kikubaaqudgha
Makhleb
Nemelex Xobeh
Okawaru
Qazlal
Ru
Sif Muna
Trog
Uskayaw
Vehumet
Wu Jian
Xom
Yredelemnul
Zin
The Shining One
Beogh
Jiyva
Lugonu

Shops:
D [:(?


Innate Abilities, Weirdness & Mutations

You can breathe wild blasts of lightning.
Your glossy black scales are hard. (AC +9)
You cannot fit into any form of body armour.
Your large and strong wings let you fly.
You are resistant to electric shocks. (rElec)
You are cold-blooded and may be slowed by cold attacks.


Message History

The nagaraja is heavily wounded.
You feel very sick. The nagaraja barely misses you.
The nagaraja casts a spell at you. The bolt of poison hits you. You resist.
* * * LOW HITPOINT WARNING * * *
The bolt of poison hits the nagaraja!
The bolt of poison hits your cyclops!!
Your cyclops looks even sicker.
The nagaraja constricts you.
* * * LOW HITPOINT WARNING * * *
The nagaraja hits your cyclops with a +0 halberd!!!
Your cyclops dies!
Your cyclops's corpse disappears in a puff of smoke!
The nagaraja closely misses you. The nagaraja constricts you.
* * * LOW HITPOINT WARNING * * *
A naga warrior comes into view. It is wielding a +0 dire flail.
Unknown command.
You cannot blink because you are locked down by a dimension anchor.
The nagaraja shouts!
You perforate the nagaraja like a sieve!!!
You burn the nagaraja!
You kill the nagaraja!
Trog accepts your kill.
Trog appreciates your killing of a magic user.
You feel sick.
The guardian serpent coils itself and waves its upper body at you.
The nagaraja blinks!
The nagaraja hits you with a +0 flail!
* * * LOW HITPOINT WARNING * * *
The nagaraja constricts you.
* * * LOW HITPOINT WARNING * * *
Unknown command.
Unknown command.
You feel much better.
You feel sick. The nagaraja hits you with a +0 club!
* * * LOW HITPOINT WARNING * * *
The nagaraja hits you with a +0 flail!
* * * LOW HITPOINT WARNING * * *
The nagaraja constricts you.
* * * LOW HITPOINT WARNING * * *
The nagaraja hits you with a +0 club!!
You die...

)▓.♣.♣.▓.▓.▓.▓.▓N*,*,*,*,*,*+*,*,
+▓.♣.♣.▓.▓.▓.▓.▓N▓,*,*,*,*,*,*,*,
=▓.♣.♣.▓.▓.▓.▓[▓S▓,*,*,*,*,*,*,*,
.▓.♣.♣.▓.▓.▓.▓.▓S▓,*,*,*,*,*,*,*,
.▓.♣.♣.▓.▓.▓.▓.▓.▓,*,*,*,*,*,*,*,
.▓[♣.♣.▓)▓.▓.▓.▓N▓,*,*,*,*,*,*,*,
)▓.♣.♣.▓)▓.▓.▓.▓N▓,*,*,*,*,*,*,*,
.▓.♣†♣.▓'▓.▓[▓.▓N▓,*+*,*,*,*,*,*,
)▓.♣+♣.▓.▓.▓[▓.▓@▓,*,*,*,*,*,*,*+
)▓.▓.▓.▓.▓.▓[▓.♣N♣,*,*,*,*,*+*,*,
.▓.▓.▓.▓.▓.▓[▓.♣.♣,*,*,*,*,*,*,*+
)▓.▓.▓.▓.▓.▓.▓.♣.♣,*,*,*,*,*,*,*,
)▓.▓.▓.▓.▓.▓.▓.♣.♣,*,*,*,*,*,*,*+
[▓.▓.▓.▓.▓.▓.▓.♣.♣,*,*,*,*,*,*,*,
[▓.▓°▓.▓.▓.▓.▓.♣.♣,*,*,*,*,*,*,*+
[▓.▓○▓.▓.▓.▓.▓.♣.♣,*,*,*,*,*,*,*,
[▓)▓[▓.▓)▓.▓)▓†♣.♣,*,*,*,*,*,*,*,


You could see 2 naga warriors, 3 nagarajas and 2 guardian serpents.

Vanquished Creatures
  Boris (D)
  Margery (D)
  Rupert (D)
  A sphinx (D)
  Frances (D)
  2 tengu reavers (D)
  A storm dragon (D)
  Donald (D)
  A fenstrider witch (D)
  A nagaraja (D)
  A frost giant (D)
  A fire giant (D)
  5 emperor scorpions (D)
  An ironbound thunderhulk (D)
  An ironbound preserver (D)
  2 stone giants (D)
  Azrael (D)
  2 entropy weavers (D)
  3 ettins (D)
  A merfolk impaler (D)
  Josephine (D)
  A fire dragon (D)
  4 hydras (D)
  A rakshasa (D)
  A great orb of eyes (D)
  2 boulder beetles (D)
  An ice dragon (D)
  A merfolk avatar (D)
  A merfolk aquamancer (D)
  A centaur warrior (D)
  A ghost crab (D)
  An alligator (D)
  A catoblepas (D)
  A deep troll shaman (D)
  A two-headed ogre (D)
  2 tengu warriors (D)
  A deep troll earth mage (D)
  Sonja (D)
  2 spriggan berserkers (D)
  2 hell knights (D)
  A skeletal warrior (D)
  6 swamp dragons (D)
  2 naga ritualists (D)
  A harpy (D)
  7 orc knights (D)
  An orb spider (D)
  2 necromancers (D)
  An ugly thing (D)
  2 wolf spiders (D)
  A cyclops (D)
  A manticore (D)
  2 moths of wrath (D)
  4 black mambas (D)
  A vault sentinel (D)
  2 merfolk sirens (D)
  6 cane toads (D)
  A gargoyle (D)
  4 komodo dragons (D)
  2 demonic crawlers (D)
  A bloated husk (D)
  4 polar bears (D)
  A polar bear (shapeshifter) (D)
  3 jumping spiders (D)
  A hornet (D)
  2 blink frogs (D)
  4 slime creatures (D)
  2 snapping turtles (D)
  2 redbacks (D)
  2 tarantellas (D)
  A fire elemental (D)
  2 yaks (D)
  A basilisk (D)
  6 wraiths (D)
  3 vampire mosquitoes (D)
  4 hell hounds (D)
  2 nagas (D)
  5 swamp drakes (D)
  11 orc warriors (D)
  An ogre (D)
  5 black bears (D)
  A bullfrog (D)
  A gnoll sergeant (D)
  A howler monkey (D)
  4 orc priests (D)
  2 orc wizards (D)
  A white imp (D)
  2 adder zombies (D)
  7 orcs (D)
  A bat (D)
  A goblin (D)
  A quokka (D)
  A ball python zombie (D)
  3 rats (D)
192 creatures vanquished.

Vanquished Creatures (collateral kills)
  A sphinx (D)
  A vault warden (D)
  A ghost moth (D)
  2 emperor scorpions (D)
  An ironbound preserver (D)
  An ironbound thunderhulk (D)
  A yaktaur captain (D)
  2 great orbs of eyes (D)
  2 naga warriors (D)
  An ironbound frostheart (D)
  A spriggan berserker (D)
  A vampire mage (D)
  A shock serpent (D)
  2 ironbound convokers (D)
  2 lindwurms (D)
  A necromancer (D)
  3 orc knights (D)
  A naga mage (D)
  A guardian serpent (D)
  A slime creature (D)
  3 orc warriors (D)
  An orc (D)
31 creatures vanquished.

Vanquished Creatures (others)
  A hydra (D)
  A swamp dragon (D)
  A bloated husk (D)
3 creatures vanquished.

Grand Total: 226 creatures vanquished

Notes
Turn   | Place    | Note
-------+----------+-------------------------------------------
     0 | D        | mhtbhm the Draconian Berserker began the quest for the Orb.
     0 | D        | Reached XP level 1. HP: 19/19 MP: 1/1
     3 | D        | Banished a spatial maelstrom
    10 | D        | Reached ** piety under Trog
    62 | D        | Noticed a black bear
    62 | D        | Noticed an ogre
    68 | D        | Killed an ogre
    68 | D        | Reached *** piety under Trog
    69 | D        | Reached skill level 5 in Dodging
    69 | D        | Reached XP level 2. HP: 30/30 MP: 2/2
    69 | D        | Reached XP level 3. HP: 37/37 MP: 3/3
    69 | D        | Reached XP level 4. HP: 44/44 MP: 4/4
    77 | D        | Killed a black bear
    78 | D        | Reached XP level 5. HP: 52/52 MP: 5/5
   207 | D        | Found a snail-covered altar of Cheibriados.
   207 | D        | Found a shadowy altar of Dithmenos.
   207 | D        | Found a white marble altar of Elyvilon.
   207 | D        | Found a blossoming altar of Fedhas.
   207 | D        | Found an opulent altar of Gozag.
   208 | D        | Found a hazy altar of Hepliaklqana.
   209 | D        | Found a viscous altar of Jiyva.
   210 | D        | Found an ancient bone altar of Kikubaaqudgha.
   211 | D        | Found a corrupted altar of Lugonu.
   212 | D        | Found a burning altar of Makhleb.
   213 | D        | Found a sparkling altar of Nemelex Xobeh.
   214 | D        | Found an iron altar of Okawaru.
   215 | D        | Found a stormy altar of Qazlal.
   216 | D        | Found a sacrificial altar of Ru.
   217 | D        | Found a shimmering blue altar of Sif Muna.
   218 | D        | Found a bloodstained altar of Trog.
   221 | D        | Found a hide-covered altar of Uskayaw.
   222 | D        | Found a radiant altar of Vehumet.
   223 | D        | Found an ornate altar of the Wu Jian Council.
   224 | D        | Found a shimmering altar of Xom.
   225 | D        | Found a basalt altar of Yredelemnul.
   226 | D        | Found a glowing silver altar of Zin.
   227 | D        | Found a glowing golden altar of the Shining One.
   268 | D        | Noticed a hornet
   268 | D        | Noticed a two-headed ogre
   268 | D        | Noticed a wraith
   273 | D        | Killed a wraith
   273 | D        | Reached **** piety under Trog
   274 | D        | Reached XP level 6. HP: 62/62 MP: 6/6
   281 | D        | Killed a two-headed ogre
   282 | D        | Reached skill level 1 in Stealth
   282 | D        | Your scales start taking on a glossy black colour.
   282 | D        | Reached XP level 7. HP: 53/74 MP: 7/7
   282 | D        | Gained mutation: You are resistant to electric shocks.
                  | (rElec) [Black Draconian growth]
   282 | D        | Killed a hornet
   283 | D        | Reached XP level 8. HP: 53/82 MP: 8/8
   399 | D        | Noticed a gargoyle
   399 | D        | Noticed a slime creature
   399 | D        | Noticed a seven-headed hydra
   411 | D        | Killed an 11-headed hydra
   411 | D        | Reached ***** piety under Trog
   412 | D        | Reached skill level 10 in Dodging
   726 | D        | Killed a slime creature
   727 | D        | Reached XP level 9. HP: 91/92 MP: 9/9
   733 | D        | Killed a gargoyle
   945 | D        | Noticed a cane toad
   945 | D        | Noticed a komodo dragon
   945 | D        | Noticed a komodo dragon
   945 | D        | Noticed a black mamba
   945 | D        | Noticed a black mamba
   947 | D        | Noticed a cane toad
   948 | D        | Killed a black mamba
   948 | D        | Received a gift from Trog
   950 | D        | Noticed a cane toad
   953 | D        | Killed a black mamba
   957 | D        | Noticed a black mamba
   958 | D        | Killed a komodo dragon
   959 | D        | Reached skill level 15 in Polearms
   962 | D        | Killed a komodo dragon
   965 | D        | Killed a cane toad
   966 | D        | Reached XP level 10. HP: 103/103 MP: 10/10
   968 | D        | Killed a cane toad
   972 | D        | Killed a cane toad
   974 | D        | Received a gift from Trog
   977 | D        | Killed a black mamba
  1029 | D        | Noticed a cane toad
  1029 | D        | Noticed a cane toad
  1032 | D        | Noticed a cane toad
  1036 | D        | Killed a cane toad
  1051 | D        | Reached skill level 15 in Fighting
  1053 | D        | Killed a cane toad
  1055 | D        | Received a gift from Trog
  1060 | D        | Killed a cane toad
  1067 | D        | Reached ****** piety under Trog
  1260 | D        | Received a gift from Trog
  1261 | D        | Reached XP level 11. HP: 114/114 MP: 11/11
  1364 | D        | Noticed Josephine
  1386 | D        | Killed Josephine
  1386 | D        | Identified the +5 dagger "Ifaferiwk" {antimagic, rElec rF+
                  | Stlth+} (Trog gifted it to you in the Dungeon)
  1386 | D        | Received a gift from Trog
  1496 | D        | Noticed Sonja
  1505 | D        | Killed Sonja
  1778 | D        | Received a gift from Trog
  1797 | D        | Identified the +8 halberd "Cuyrhoen" {flame, rPois Stlth+}
                  | (Trog gifted it to you in the Dungeon)
  1797 | D        | Received a gift from Trog
  1984 | D        | Noticed an orc knight
  1986 | D        | Identified the +7 halberd "Siseh" {antimagic, rF+ rC+++}
                  | (Trog gifted it to you in the Dungeon)
  1986 | D        | Received a gift from Trog
  1998 | D        | Killed an orc knight
  1999 | D        | Reached skill level 5 in Stealth
  1999 | D        | Reached skill level 1 in Evocations
  2001 | D        | Received a gift from Trog
  2370 | D        | Found Irumew's Magic Scroll Boutique.
  2370 | D        | Noticed an orc knight
  2370 | D        | Noticed an orc knight
  2370 | D        | Noticed an orc knight
  2373 | D        | Noticed an orc knight
  2377 | D        | Killed an orc knight
  2377 | D        | Noticed an orc knight
  2378 | D        | Noticed an orc knight
  2382 | D        | Killed an orc knight
  2383 | D        | Found Fer Xyni's Weapon Shop.
  2385 | D        | Killed an orc knight
  2388 | D        | Killed an orc knight
  2395 | D        | Killed an orc knight
  2395 | D        | Received a gift from Trog
  2403 | D        | Killed an orc knight
  2403 | D        | Noticed an orc knight
  2405 | D        | Found Aruso's Book Boutique.
  2413 | D        | Killed an orc knight
  2416 | D        | Noticed an orc knight
  2421 | D        | Killed an orc knight
  2422 | D        | Reached XP level 12. HP: 52/128 MP: 12/12
  2676 | D        | Found Oroyf's Armour Shop.
  2721 | D        | Bought a scroll of fog for 22 gold pieces
  2721 | D        | Bought a scroll of magic mapping for 38 gold pieces
  2721 | D        | Bought a scroll of enchant weapon for 82 gold pieces
  2737 | D        | Bought a scroll of immolation for 38 gold pieces
  2737 | D        | Bought a scroll of identify for 22 gold pieces
  2737 | D        | Bought a scroll of identify for 22 gold pieces
  2737 | D        | Bought a scroll of identify for 22 gold pieces
  2739 | D        | Bought 21 sling bullets for 126 gold pieces
  2739 | D        | Bought 19 stones for 22 gold pieces
  2739 | D        | Bought a +0 vorpal hunting sling for 50 gold pieces
  3713 | D        | Noticed a tengu warrior
  3720 | D        | Noticed a catoblepas
  3723 | D        | Killed a tengu warrior
  3723 | D        | Received a gift from Trog
  3748 | D        | Noticed a tengu warrior
  3813 | D        | Killed a catoblepas
  3817 | D        | Noticed a deep troll shaman
  3817 | D        | Noticed a great orb of eyes
  3820 | D        | Noticed a great orb of eyes
  3824 | D        | Noticed a vampire mage
  3835 | D        | Killed a tengu warrior
  3840 | D        | Identified the +5 executioner's axe of Trog's Anger {flame,
                  | rC++} (Trog gifted it to you in the Dungeon)
  3840 | D        | Received a gift from Trog
  3841 | D        | Reached skill level 15 in Dodging
  3845 | D        | Killed a deep troll shaman
  3852 | D        | Paralysed by a great orb of eyes for 2 turns
  3854 | D        | Killed a great orb of eyes
  3855 | D        | Killed a great orb of eyes
  3856 | D        | Killed a vampire mage
  3856 | D        | Identified the +0 glaive "Guceatir" {vorpal, rN++ Str-4}
                  | (Trog gifted it to you in the Dungeon)
  3856 | D        | Received a gift from Trog
  3864 | D        | Noticed a great orb of eyes
  3872 | D        | Paralysed by a great orb of eyes for 2 turns
  3876 | D        | Killed a great orb of eyes
  4090 | D        | Noticed Frances
  4106 | D        | Killed Frances
  4192 | D        | Noticed Rupert
  4206 | D        | Killed Rupert
  4270 | D        | Noticed Donald
  4272 | D        | Noticed Azrael
  4278 | D        | Killed Donald
  4278 | D        | Received a gift from Trog
  4280 | D        | Reached XP level 13. HP: 143/143 MP: 13/13
  4286 | D        | Killed Azrael
  4294 | D        | Reached skill level 1 in Throwing
  4555 | D        | Received a gift from Trog
  4783 | D        | Noticed an entropy weaver
  4789 | D        | Killed an entropy weaver
  4789 | D        | Received a gift from Trog
  4813 | D        | Received a gift from Trog
  4908 | D        | Noticed a fenstrider witch
  4916 | D        | Killed a fenstrider witch
  5313 | D        | Received a gift from Trog
  5496 | D        | Noticed a merfolk impaler
  5502 | D        | Reached skill level 10 in Stealth
  5506 | D        | Received a gift from Trog
  5510 | D        | Killed a merfolk impaler
  5535 | D        | Received a gift from Trog
  5879 | D        | Noticed a storm dragon
  5879 | D        | Noticed an ettin
  5879 | D        | Noticed a tengu reaver
  5879 | D        | Noticed a fire giant
  5879 | D        | Noticed a fire dragon
  5997 | D        | Killed a fire dragon
  6008 | D        | Killed a fire giant
  6019 | D        | Killed a tengu reaver
  6019 | D        | Received a gift from Trog
  6023 | D        | Killed an ettin
  6030 | D        | Killed a storm dragon
  6031 | D        | Gained mutation: Your large and strong wings let you fly.
                  | [Black Draconian growth]
  6031 | D        | Reached XP level 14. HP: 14/159 MP: 14/14
  6035 | D        | HP: 7/159 [poisoned by a tengu reaver (bolt of poison)]
  6647 | D        | Noticed a frost giant
  6657 | D        | Killed a frost giant
  6657 | D        | Received a gift from Trog
  6991 | D        | Noticed a tengu reaver
  6994 | D        | Noticed a stone giant
  6996 | D        | Noticed a sphinx
  6999 | D        | Killed a tengu reaver
  6999 | D        | Noticed a stone giant
  7008 | D        | Received a gift from Trog
  7014 | D        | Killed a stone giant
  7025 | D        | Killed a sphinx
  7029 | D        | Killed a stone giant
  7363 | D        | Noticed an ironbound thunderhulk
  7369 | D        | Killed an ironbound thunderhulk
  7375 | D        | Received a gift from Trog
  7377 | D        | Noticed an ironbound preserver
  7393 | D        | Noticed a vault warden
  7406 | D        | Noticed an ironbound thunderhulk
  7425 | D        | Killed an ironbound preserver
  7427 | D        | Killed an ironbound thunderhulk
  7446 | D        | Noticed a sphinx
  7449 | D        | Killed a vault warden
  7456 | D        | Identified the +8 halberd "Umext" {flame, Dex+4 Stlth+}
                  | (Trog gifted it to you in the Dungeon)
  7456 | D        | Received a gift from Trog
  7459 | D        | Killed a sphinx
  7466 | D        | Received a gift from Trog
  7774 | D        | Noticed an ironbound preserver
  7785 | D        | Killed an ironbound preserver
  7881 | D        | Noticed Margery
  7897 | D        | Killed Margery
  7906 | D        | Received a gift from Trog
  8304 | D        | Noticed Boris
  8325 | D        | Killed Boris
  8326 | D        | Reached skill level 27 in Fighting
  8617 | D        | Noticed an emperor scorpion
  8617 | D        | Noticed an emperor scorpion
  8628 | D        | Killed an emperor scorpion
  8628 | D        | Received a gift from Trog
  8629 | D        | Reached XP level 15. HP: 167/174 MP: 12/15
  8673 | D        | Killed a ghost moth
  9124 | D        | Got a gossamer rune of Zot
  9133 | D        | Reached skill level 27 in Polearms
  9134 | D        | Received a gift from Trog
  9161 | D        | Received a gift from Trog
  9185 | D        | Got a decaying rune of Zot
  9289 | D        | Noticed a nagaraja
  9289 | D        | Noticed a nagaraja
  9302 | D        | Noticed a nagaraja
  9304 | D        | Noticed a nagaraja
  9310 | D        | Killed a nagaraja
  9311 | D        | Slain by a nagaraja

Illustrated notes

Levels and vault maps discovered:
D:        linesprint [early_d, line_temple, items_1, d_10, items_2, lair_1,
          lair_end, items_3, orc_1, orc_end, items_4, d_15, swamp_1, shoals_1,
          snake_1, spider_1, d_20, vaults_1, items_5, swamp_end, shoals_end,
          snake_end, spider_end, vaults_end, d_27, items_6, zot_1, zot_end,
          crypt_end, forest_end, elf_end, slime_end, tomb_end, abyss_end,
          pan_hell_end]

Skill      XL: |  1  2  3  4  5  6  7  8  9 10 11 12 13 14 15 |
---------------+----------------------------------------------+-----
Dodging        | 5 6 7 8 9 10 11 12 14 15 17 19 21 | 21.7
Fighting       | 6 7 8 11 12 14 15 18 21 24 27 | 27.0
Polearms       | 6 7 8 11 12 13 15 18 20 21 23 26 27 | 27.0
Stealth        | 1 2 3 4 5 7 10 12 13 | 13.2
Evocations     | 1 |  1.9
Throwing       | 1 |  1.8

Action                   |  1- 3 |  4- 6 |  7- 9 | 10-12 | 13-15 || total
-------------------------+-------+-------+-------+-------+-------++-------
Melee: Spear             |    14 |    12 |       |       |       ||    26
       Tailslap          |     2 |     5 |     9 |    33 |    55 ||   104
       Halberd           |       |    11 |    39 |   280 |   313 ||   643
       Glaive            |       |       |       |       |    71 ||    71
       Bardiche          |       |       |       |       |     1 ||     1
Throw: Dart              |       |       |       |     2 |       ||     2
Invok: Berserk           |     2 |     1 |     3 |     9 |    12 ||    27
       Brothers in Arms  |       |       |       |     3 |     8 ||    11
 Abil: Breathe Lightning |       |       |     2 |     5 |     6 ||    13
Evoke: Wand              |       |       |     1 |     1 |       ||     2
  Use: Scroll            |       |       |     1 |       |     3 ||     4
       Potion            |       |       |       |     3 |     5 ||     8
 Stab: Sleeping          |       |       |       |     4 |     2 ||     6
       Petrified         |       |       |       |     1 |       ||     1
       Distracted        |       |       |       |       |     2 ||     2
Armor: Skin              |     3 |     1 |    11 |    50 |   124 ||   189
Dodge: Dodged            |     3 |    10 |    31 |   120 |   215 ||   379

Table legend: (Time is in decaauts)
 A = Elapsed time spent in this place.
 B = Non-inter-level travel time spent in this place.
 C = Inter-level travel time spent in this place.
 D = Time resting spent in this place.
 E = Time spent auto-exploring this place.
 F = Levels seen in this place.
 G = Mean time per level.
                   A        B        C        D        E       F      G
               +--------+--------+--------+--------+--------+-----+--------+
         Total |   9298 |   8478 |    820 |   5737 |    558 |   1 | 9298.0 |
       Dungeon |   9298 |   8478 |    820 |   5737 |    558 |   1 | 9298.0 |
               +--------+--------+--------+--------+--------+-----+--------+

Top non-repeatable levels by time:
       D: 9298 daAuts
